 Dungeon Crawl Stone Soup version 0.28.0 (webtiles) character file.

Game seed: 713928874615527139

41 ProzacElf the Covered (level 3, -2/30 (31) HPs)
             Began as a Palentonga Fighter on Feb 14, 2022.
             Was a Believer of Elyvilon.
             Slain by Crazy Yiuf (13 damage)
             ... on level 2 of the Dungeon.
             The game lasted 00:02:22 (1502 turns).

ProzacElf the Covered (Palentonga Fighter)          Turns: 1502, Time: 00:02:23

HP:   -2/30 (31)    AC:  6    Str: 21    XL:     3   Next: 32%
MP:   3/3           EV:  7    Int:  8    God:    Elyvilon [**....]
Gold: 28            SH:  4    Dex:  9    Spells: 2/2 levels left

rFire   . . .      SeeInvis +   a - +0 long sword
rCold   . . .      Faith    .   c - +0 buckler
rNeg    . . .      Spirit   .   b - +0 scale mail
rPois   .          Reflect  .   (no helmet)
rElec   .          Harm     .   (no cloak)
rCorr   .          Rampage  .   (no gloves)
Will    .....                   (no barding)
Stlth   ..........              (no amulet)
HPRegen 0.10/turn               (no ring)
MPRegen 0.08/turn               (no ring)

@: lightly drained
A: large, rugged brown scales 3, see invisible, deformed body, roll 1, armoured
tail
a: Rolling Charge, Renounce Religion, Purification, Heal Other


You were on level 2 of the Dungeon.
You worshipped Elyvilon.
Elyvilon was pleased with you.
You visited 1 branch of the dungeon, and saw 2 of its levels.

You collected 28 gold pieces.

Inventory:

Hand Weapons
 a - a +0 long sword (weapon)
Missiles
 l - 23 stones
Armour
 b - a +0 scale mail (worn)
 c - a +0 buckler (worn)
Scrolls
 e - 3 scrolls of identify {unknown}
 f - a scroll of enchant armour {unknown}
 i - a scroll of magic mapping {unknown}
 j - a scroll of acquirement {unknown}
 m - a scroll of teleportation {unknown}
Potions
 d - a potion of might
 g - a potion of magic {unknown}
 h - a potion of lignification {unknown}
 k - 2 potions of heal wounds {unknown}


   Skills:
 - Level 3.0 Fighting
 + Level 3.0 Long Blades
 + Level 3.1 Armour
 - Level 2.4 Shields


You had 2 spell levels left.
You didn't know any spells.
Your spell library contained the following spells:

 Spells                   Type           Power      Damage    Failure   Level
 Animate Skeleton         Necr           0%         N/A       83%         1
 Pain                     Necr           0%         1d4       83%         1
 Vampiric Draining        Necr           0%         2d6       99%         3


Dungeon Overview and Level Annotations

Branches:
Dungeon (2/15)

Altars:
Elyvilon

Shops:
D:1 *

Annotations:
D:2 Crazy Yiuf


Innate Abilities, Weirdness & Mutations

You are completely covered in rugged brown scales. (AC +3, +7% HP)
You have supernaturally acute eyesight. (SInv)
Armour fits poorly on your strangely shaped body.
You can roll at nearby foes to attack.
You have a long armoured tail.


Message History

Thar be an op'n door 'ere.
Ye hit tha adder.
Tha adder be heavily wounded.
Tha adder bites ye. x2
Ye take 4 damage, an' haf 27/31 hp.
Ye hit tha adder.
Ye kill tha adder!
Yer Long Blades skill increases ta level 3!
Nay target in view!
Nay target in view!
Nay target in view!
HP restored.
Ye see 'ere an adder corpse.
A dart slug comes inta view.
Found a stone staircase leadin' down.
Health restored: 31 Ye hit tha dart slug but do nay damage.
Ye block tha dart slug's attack.
Ye completely miss tha dart slug.
Tha dart slug completely misses ye.
Ye hit tha dart slug.
Tha dart slug be heavily wounded.
Tha dart slug bites ye but does nay damage.
Ye slash tha dart slug!
Ye kill tha dart slug!
e - 3 scrolls labelled FIPTUGRIRUSCH (gain'd 1)
Found a mace.
Found a run'd translucent door.
Crazy Yiuf shouts!
Crazy Yiuf says, "Fire hog sow!"
As ye op'n tha door, it creaks loudly!
Ye hit Crazy Yiuf.
Crazy Yiuf be lightly wounded.
Crazy Yiuf hits ye wit' a +4 quarterstaff o' chaos.
Crazy Yiuf freezes ye.
Crazy Yiuf drinks a potion.
Crazy Yiuf seems ta speed up.
Ye take 6 damage, an' haf 25/31 hp.
Ye barely miss Crazy Yiuf.
Crazy Yiuf be lightly wounded.
Crazy Yiuf hits ye wit' a +4 quarterstaff o' chaos!
Ye feel drain'd.
Crazy Yiuf hits ye wit' a +4 quarterstaff o' chaos!
Ye die...

#.######.#.#...#..
#.##.............#
#.##.###.#.#......
###### ###.##.....
#........ #######.#
### ♣♣#### #.# #)..#♣♣
♣♣....## #†#
#...g@♣♣♣♣......# ##'#
#...#♣..♣.......###...
### ♣♣♣.♣....#.##....
♣♣♣♣♣###.......
###...... #####
##.'...... #.#.#
#.##...... #.#.#
#.###..... #.#.# #.#
##....


You could see Crazy Yiuf (fast).

Vanquished Creatures
  2 adders (D:2)
  A dart slug (D:2)
  2 ball pythons
  3 bats (D:1)
  3 endoplasms (D:1)
  A giant cockroach (D:1)
  A goblin (D:1)
  3 hobgoblins
  A quokka (D:1)
  2 rats (D:1)
19 creatures vanquished.

Notes
Turn   | Place    | Note
-------+----------+-------------------------------------------
     0 | D:1      | ProzacElf the Palentonga Fighter began the quest for the
                  | Orb.
     0 | D:1      | Reached XP level 1. HP: 19/19 MP: 1/1
    91 | D:1      | Found a faded altar of an unknown god.
    97 | D:1      | Prayed at the altar of an unknown god.
    97 | D:1      | Became a worshipper of Elyvilon the Healer
    97 | D:1      | Reached * piety under Elyvilon
   131 | D:1      | Found Ezxegg's General Store.
   412 | D:1      | Reached XP level 2. HP: 24/25 MP: 2/2
   771 | D:1      | Reached ** piety under Elyvilon
  1303 | D:2      | Reached XP level 3. HP: 31/31 MP: 3/3
  1496 | D:2      | Found a runed translucent door.
  1497 | D:2      | Noticed Crazy Yiuf
  1502 | D:2      | Slain by Crazy Yiuf

Illustrated notes

Levels and vault maps discovered:
D:1:      wheals_arrival_linesprint, layout_basic,
          hellmonk_ecumenical_altar_heavens_door, serial_shops,
          nicolae_shop_crystal
D:2:      layout_loops_corners, basic_altar, uniq_crazy_yiuf_cottage

Skill      XL: |  1  2  3 |
---------------+----------+-----
Armour         | 3 |  3.1
Long Blades    | 3 |  3.0
Fighting       | |  3.0
Shields        | |  2.4

Action                   || total
-------------------------++-------
Melee: Long sword        ||    52
       Tailslap          ||     2
Armor: Scale mail        ||    19
Dodge: Dodged            ||    12
Block: Buckler           ||    10
